 Dungeon Crawl Stone Soup version 0.30.0-5-g1a98f26d00 (webtiles) character file.

Game seed: 1119653739612510911

104 Edyrem the Poker (level 4, -8/35 HPs)
             Began as a Merfolk Gladiator on May 12, 2023.
             Mangled by Pikel
             ... wielding a +1 whip of freezing
              (11 damage)
             ... on level 3 of the Dungeon.
             The game lasted 00:06:37 (2815 turns).

Edyrem the Poker (Merfolk Gladiator)                Turns: 2815, Time: 00:06:38

Health: -8/35      AC:  5    Str: 14    XL:     4   Next: 80%
Magic:  4/4        EV: 13    Int:  7    God:
Gold:   185        SH:  0    Dex: 17    Spells: 3/3 levels left

rFire   . . .        a - +0 trident
rCold   . . .        (no shield)
rNeg    . . .        b - +0 leather armour
rPois   +            c - +0 helmet
rElec   .            w - scarf {shadows}
rCorr   .            j - +0 pair of gloves
SInv    .            (no boots)
Will    .....        (no amulet)
Stlth   +            y - ring of poison resistance
HPRegen 0.25/turn    (no ring)
MPRegen 0.09/turn

%: no passive effects
@: no status effects
A: (nimble swimmer 2), mertail
a: no special abilities


You were on level 3 of the Dungeon.
You visited 1 branch of the dungeon, and saw 4 of its levels.

You collected 185 gold pieces.

Inventory:

Hand Weapons
 a - a +0 trident (weapon)
 C - a +0 dagger of protection
Missiles
 d - 3 throwing nets (quivered)
 e - a javelin
 t - 4 poisoned darts
 B - 2 silver boomerangs
Armour
 b - a +0 leather armour (worn)
 c - a +0 helmet (worn)
 j - a +0 pair of gloves (worn)
 r - a +0 ring mail
 v - a +0 chain mail
 w - a scarf of shadows (worn)
Jewellery
 y - a ring of poison resistance (left hand)
Scrolls
 g - a scroll of amnesia {unknown}
 h - 3 scrolls of magic mapping {unknown}
 i - a scroll of blinking {unknown}
 m - a scroll of enchant armour {unknown}
 n - 4 scrolls of identify {unknown}
 p - 3 scrolls of noise {unknown}
 q - 2 scrolls of teleportation {unknown}
 s - 2 scrolls of enchant weapon {unknown}
 A - 2 scrolls of vulnerability {unknown}
Potions
 f - 2 potions of brilliance {unknown}
 k - a potion of magic {unknown}
 l - a potion of flight {unknown}
 o - a potion of curing {unknown}
 u - a potion of invisibility
 x - a potion of lignification {unknown}
 z - a potion of mutation {unknown}


   Skills:
 + Level 3.5 Fighting
 + Level 5.2 Polearms
 - Level 2.0 Throwing
 - Level 1.5 Armour
 - Level 4.0 Dodging
 + Level 0.6 Stealth


You had 3 spell levels left.
You didn't know any spells.
Your spell library contained the following spells:

 Spells                   Type           Power      Damage    Failure   Level
 Ensorcelled Hibernation  Hex/Ice        0%         N/A       65%         2
 Passwall                 Tmut/Erth      0%         N/A       65%         2
 Swiftness                Air            0%         N/A       86%         3


Dungeon Overview and Level Annotations

Branches:
Dungeon (4/15)
 Temple: D:4-7

Altars:
Qazlal

Annotations:
D:3 Pikel
D:4 Robin


Innate Abilities, Weirdness & Mutations

((You are very nimble when in or above water. (Stealth+, EV+, Speed+++)))
Your lower body shifts to a powerful aquatic tail in water.


Message History

Okay, then.
Items here: )))) †.
C - a +0 dagger of protection HP restored.
Done exploring.
There is a stone staircase leading down, spattered with blood here.
You climb downwards.
Level annotation: Pikel, Robin An adder comes into view.
The goblin shoots a sling bullet.
The sling bullet barely misses you.
Pikel drinks a potion.
Pikel flickers and vanishes!
Deactivating autopickup; reactivate with Ctrl-A.
The hobgoblin closely misses you. The iguana misses you.
The hobgoblin barely misses you.
A lemure comes into view.
The goblin shoots a sling bullet.
The sling bullet completely misses you.
There is a stone staircase leading up, spattered with blood here.
Reach: a) +0 trident
Press: ? - help, Dir - move target You reach to attack!
You miss something.
Robin roars a battlecry!
The goblins go into a battle-frenzy!
The iguana completely misses you. The hobgoblin closely misses you. x2
The goblin shoots a sling bullet.
The sling bullet barely misses you.
You hear a shout! x2
The iguana bites you. The hobgoblin hits you. x2
Something hits you but does no damage. The goblin hits you but does no damage.
You climb upwards.
Reactivating autopickup.
There is a stone staircase leading down, spattered with blood here.
You hit the hobgoblin but do no damage. The iguana bites you!
Something hits you. Something freezes you.
Deactivating autopickup; reactivate with Ctrl-A.
The goblin hits you with a +0 club.
* * * LOW HITPOINT WARNING * * *
The hobgoblin barely misses you.
You puncture something! The iguana bites you.
* * * LOW HITPOINT WARNING * * *
Something hits you!
You die...

#...# #.#############.#
#...# ##...............#
#...# #..#############.###
#...# ###................#
#...# #)..############.##
#...# #..## #..##
#...##########.g# ##..#
#...#..........{## #####
##..
#...########.##g@######>..#
#.# #...# #.###lg).....#.#
###.. #...# #.#
########...# #≈### #...#
#.###### ##.## #≈≈#≈ #[..#
#......# ##..# ##≈≈≈ #...##
#.####.####...# ##≈≈ .....#
####.# #........# ###
...### #....# #...§....# ##
...# ##.##.# #....~...###
##.


You could see an iguana, 2 hobgoblins and a goblin (strong).

Vanquished Creatures
  Jessica (D:2)
  An adder (D:3)
  A worm (D:3)
  A dart slug (D:1)
  3 orcs
  4 bats
  5 endoplasms
  10 goblins
  6 hobgoblins
  5 jackals (D:1)
  3 quokkas
  2 ball pythons
  2 frilled lizards (D:2)
  2 kobolds
  9 rats
55 creatures vanquished.

Notes
Turn   | Place    | Note
-------+----------+-------------------------------------------
     0 | D:1      | Edyrem the Merfolk Gladiator began the quest for the Orb.
     0 | D:1      | Reached XP level 1. HP: 16/16 MP: 1/1
    50 | D:1      | Reached XP level 2. HP: 23/23 MP: 2/2
   459 | D:1      | Reached XP level 3. HP: 28/28 MP: 3/3
   487 | D:1      | Reached skill level 1 in Armour
  1387 | D:2      | Noticed Jessica
  1390 | D:2      | Killed Jessica
  1391 | D:2      | Reached skill level 5 in Polearms
  1391 | D:2      | Reached XP level 4. HP: 35/35 MP: 4/4
  1662 | D:3      | Found a stormy altar of Qazlal.
  2665 | D:4      | Noticed a phantom
  2665 | D:4      | Noticed a black bear
  2685 | D:4      | Noticed Robin
  2687 | D:4      | Noticed a lemure
  2690 | D:4      | Noticed Pikel
  2810 | D:4      | Noticed a lemure
  2812 | D:4      | Noticed a lemure
  2815 | D:3      | Mangled by Pikel

Illustrated notes

Levels and vault maps discovered:
D:1:      lightli_arrival_chessboard, layout_basic
D:2:      layout_loops_ring, uniq_jessica
D:3:      layout_loops_ring, nicolae_qazlal_scattered_showers,
          serial_co_window_serial, co_window_paths_a, co_window_paths_a,
          co_window_corner_a, co_window_of_opportunity_a, co_window_paths_a,
          co_window_corner_b, co_window_broadway_a, co_window_of_opportunity_c,
          co_window_cross_2, co_window_paths_c, glass_columns_a,
          glass_columns_a, glass_columns_b, glass_columns_a, chequers_big_river
D:4:      layout_rooms, lemuel_crystal_altar, uniq_pikel, uniq_natasha,
          uniq_robin

Skill      XL: |  1  2  3 |
---------------+----------+-----
Armour         | 1 |  1.5
Fighting       | 3 |  3.5
Polearms       | 5 |  5.2
Throwing       | |  2.0
Dodging        | |  4.0
Stealth        | |  0.6

Action                     |  1- 3 |  4- 6 || total
---------------------------+-------+-------++-------
  Melee: Trident           |   112 |    81 ||   193
         Punch             |     2 |     1 ||     3
   Stab: Sleeping          |     3 |     1 ||     4
 Armour: Leather armour    |    21 |    17 ||    38
         Ring mail         |     4 |       ||     4
         Chain mail        |       |    19 ||    19
  Dodge: Dodged            |    57 |    62 ||   119
